 Dungeon Crawl Stone Soup version 0.25.1-2-g60ff931df9 (webtiles) character file.

Game seed: 5174982301968097575

63 Patagonicus the Ruffian (level 3, 0/36 HPs)
             Began as a Troll Berserker on Sept 26, 2020.
             Was a Believer of Trog.
             Slain by a goblin (6 damage)
             ... led by Robin
             ... on level 2 of the Dungeon.
             The game lasted 00:05:19 (1417 turns).

Patagonicus the Ruffian (Troll Berserker)           Turns: 1417, Time: 00:05:19

Health: 0/36       AC:  6    Str: 25    XL:     3   Next: 87%
Magic:  2/2        EV: 10    Int:  4    God:    Trog [**....]
Gold:   104        SH:  0    Dex:  9    Spells: 2/2 levels left

rFire    . . .     SeeInvis .     - Unarmed
rCold    . . .     Gourm    +   (no shield)
rNeg     . . .     Faith    .   a - +0 animal skin
rPois    .         Spirit   .   (helmet restricted)
rElec    .         Reflect  .   (no cloak)
rCorr    .         Harm     .   (gloves unavailable)
MR       .....                  (boots unavailable)
Stlth    +.........             (no amulet)
HPRegen  0.52/turn              (no ring)
MPRegen  0.08/turn              (no ring)

@: berserk cooldown, slowed, very slow
A: large, unfitting armour, claws 3, fast metabolism 3, gourmand, regeneration
1, shaggy fur 1, tough skin 3
a: Berserk, Trog's Hand, Renounce Religion


You were on level 2 of the Dungeon.
You worshipped Trog.
Trog was pleased with you.
You were very full.

You visited 1 branch of the dungeon, and saw 3 of its levels.

You collected 104 gold pieces.

Inventory:

Missiles
 c - 15 boomerangs
 f - 24 poisoned darts (quivered)
Armour
 a - a +0 animal skin (worn)
Jewellery
 l - a +4 ring of evasion {unknown}
 o - a +6 ring of dexterity {unknown}
Wands
 q - a wand of random effects (28)
Scrolls
 e - 3 scrolls of identify {unknown}
 h - a scroll of blinking {unknown}
 j - a scroll of remove curse {unknown}
 k - a scroll of fog {unknown}
 n - 2 scrolls of teleportation {unknown}
 p - 2 scrolls of enchant weapon {unknown}
 r - a scroll of amnesia {unknown}
Potions
 d - 2 potions of berserk rage {unknown}
 g - a potion of haste {unknown}
 i - 2 potions of might {unknown}
 m - a potion of ambrosia {unknown}
Comestibles
 b - 6 rations


   Skills:
 + Level 2.9 Fighting
 + Level 2.8 Dodging
 + Level 4.0 Unarmed Combat


You had 2 spell levels left.
You didn't know any spells.
Your spell library was empty.

Dungeon Overview and Level Annotations

Branches:
Dungeon (3/15)

Altars:
Makhleb

Annotations:
D:3 Robin


Innate Abilities, Weirdness & Mutations

You are too large for most types of armour.
You have claws for hands.
Your metabolism is lightning-fast.
You like to eat raw meat.
Your natural rate of healing is unusually fast.
You are covered in fur. (AC +1)
You have extremely tough skin. (AC +3)


Message History

The goblin barely misses you. x2; The hobgoblin hits you with a +0 club.
* * * LOW HITPOINT WARNING * * *
There is a stone staircase leading up, spattered with blood here.
Things that are here:
a +0 club; a goblin corpse The goblin no longer looks unusually strong.
The orc wizard gestures wildly while chanting.
The orc wizard flickers and vanishes!
Deactivating autopickup; reactivate with Ctrl-A.
The goblin barely misses you. The hobgoblin barely misses you.
The goblin misses you.
You climb upwards.
Reactivating autopickup.
There is a stone staircase leading down here.
The goblin no longer looks unusually strong.
The goblin wields a +0 hunting sling.
The goblin shoots a stone.
The stone hits you but does no damage.
The hobgoblin hits you but does no damage.
The goblin hits you.
You die...

##.............# #.# #......#
...............###+###.######
##...............+_###.#
....#####.####.###+###.#
............##.# #.# #.#
............##.###.###.#
............##...g.....########
................gg............#
.............#..@g...########.#
.............#.......# #.#
.............#....#.## #.#
.............#....#.####### #.#
...####......#....#.......# #.#
...# #...........#.......# #.#
...# #...........#.......# #.#
#### #...........#.......# #.#
# #........##.#.#########.#


You could see a hobgoblin (strong) and 3 goblins.

Vanquished Creatures
  A worm (D:2)
  A dart slug (D:2)
  3 leopard geckos (D:2)
  An orc (D:3)
  6 bats
  2 giant cockroaches
  12 goblins
  8 hobgoblins
  2 jackals (D:1)
  2 frilled lizards
  2 kobolds (D:2)
  6 rats
46 creatures vanquished.

Notes
Turn   | Place    | Note
-------+----------+-------------------------------------------
     0 | D:1      | Patagonicus the Troll Berserker began the quest for the
                  | Orb.
     0 | D:1      | Reached XP level 1. HP: 22/22 MP: 0/0
   253 | D:1      | Reached XP level 2. HP: 29/29 MP: 1/1
   742 | D:2      | Reached XP level 3. HP: 36/36 MP: 2/2
   941 | D:2      | Found a burning altar of Makhleb.
   952 | D:2      | Reached ** piety under Trog
  1394 | D:3      | Noticed Robin
  1399 | D:3      | Reached skill level 4 in Unarmed Combat
  1417 | D:2      | Slain by a goblin

Illustrated notes

Levels and vault maps discovered:
D:1:      nzn_arrival_settlement, layout_basic
D:2:      layout_basic, lemuel_doored_altar, first_ration
D:3:      layout_rooms, gammafunk_ghost_stat_death, st_stairs_7,
          nicolae_qazlal_general_emergency, uniq_robin

Skill      XL: |  1  2  3 |
---------------+----------+-----
Unarmed Combat | 4 |  4.0
Fighting       | |  2.9
Dodging        | |  2.8

Action                   || total
-------------------------++-------
Melee: Unarmed           ||   106
Invok: Berserk           ||     2
  Eat: Chunk             ||    18
Armor: Animal skin       ||    42
Dodge: Dodged            ||    77
